 Dungeon Crawl Stone Soup version 0.25-a0-44-g29a1220a87 (webtiles) character file.

Game seed: 16136730559105285695, levelgen mode: deterministic

53 iamserjio the Ducker (level 3, -10/26 HPs)
             Began as an Octopode Chaos Knight on Oct 24, 2019.
             Was a Plaything of Xom.
             Mangled by Crazy Yiuf
             ... wielding a +3 quarterstaff of chaos
              (19 damage)
             ... on level 3 of the Dungeon.
             The game lasted 00:01:45 (1290 turns).

iamserjio the Ducker (Octopode Chaos Knight)        Turns: 1290, Time: 00:01:46

Health: -10/26     AC:  1    Str: 11    XL:     3   Next: 87%
Magic:  3/3        EV: 14    Int: 14    God:    Xom [..*...]
Gold:   103        SH:  0    Dex: 12    Spells: 2/2 levels left

rFire    . . .     SeeInvis .   a - +0 short sword (chaos)
rCold    . . .     Gourm    .   (no shield)
rNeg     . . .     Faith    .   (helmet restricted)
rPois    .         Spirit   .   (no amulet)
rElec    .         Reflect  .   (no ring)
rCorr    .         Harm     .   (no ring)
MR       .....                  (no ring)
Stlth    ++........             (no ring)
HPRegen  0.08/turn              (no ring)
MPRegen  0.08/turn              (no ring)
                                (no ring)
                                (no ring)

@: no status effects
A: almost no armour, stealthy swim, amphibious, 8 rings, constrict 8, camouflage
1, gelatinous body 1
a: Renounce Religion


You were on level 3 of the Dungeon.
You worshipped Xom.
You were a toy of Xom.
You were not hungry.

You visited 1 branch of the dungeon, and saw 3 of its levels.

You collected 103 gold pieces.

Inventory:

Hand Weapons
 a - a +0 short sword of chaos (weapon)
 o - a +2 dagger of draining
Missiles
 c - 15 poisoned darts (quivered)
Jewellery
 d - an uncursed ring of ice
 k - a +4 ring of strength {unknown}
 n - an uncursed ring of see invisible {unknown}
Scrolls
 f - a scroll of identify {unknown}
 g - a scroll of blinking {unknown}
 l - a scroll of magic mapping {unknown}
 m - a scroll of fear {unknown}
Potions
 e - a potion of flight {unknown}
 h - a potion of degeneration {unknown}
 i - a potion of brilliance {unknown}
 j - a potion of curing {unknown}
Comestibles
 b - 4 rations


   Skills:
 + Level 3.6 Fighting
 - Level 3.0 Short Blades
 * Level 3.7 Dodging


You had 2 spell levels left.
You didn't know any spells.
Your spell library was empty.

Dungeon Overview and Level Annotations

Branches:
Dungeon (3/15)

Altars:

Annotations:
D:3 Crazy Yiuf, Purgy, Sigmund


Innate Abilities, Weirdness & Mutations

You cannot wear most types of armour.
You are very stealthy in the water. (Stealth+)
You are amphibious.
You can wear up to eight rings at the same time.
You can use your tentacles to constrict eight enemies at once.
Your skin changes colour to match your surroundings (Stealth+).
Your rubbery body absorbs attacks. (AC +1, EV +1)


Message History

Crazy Yiuf shouts!
Crazy Yiuf says, "Reason is nothing but a wonderful and unintelligible Instinct in our souls."
You open the door.
Crazy Yiuf says, "The present is the child, and the necessary child, of all the past, and the mother of all the future."
You hit Crazy Yiuf.
Crazy Yiuf looks sleepy for a second.
You grab Crazy Yiuf. You constrict Crazy Yiuf.
Crazy Yiuf hits you with a +3 quarterstaff of chaos!
Crazy Yiuf draws strength from your wounds!
You hit Crazy Yiuf.
You constrict Crazy Yiuf, but do no damage.
You hit Crazy Yiuf.
You constrict Crazy Yiuf, but do no damage.
Crazy Yiuf misses you.
You barely miss Crazy Yiuf. You constrict Crazy Yiuf.
Crazy Yiuf hits you with a +3 quarterstaff of chaos!
You are electrocuted!!
Ouch! That really hurt!
You die...
Xom chuckles heartily!

#....###..........
#....# ###........
♣....♣ #########
♣♣...♣ ♣♣.♣♣ ♣♣.♣
♣.♣♣ ♣♣.♣ ♣@♣♣ #g#
... #...# #)..#
#####


You could see Crazy Yiuf.

Vanquished Creatures
  A leopard gecko (D:1)
  2 ball pythons (D:2)
  6 giant cockroaches (D:1)
  4 goblins
  3 hobgoblins (D:1)
  8 jackals (D:1)
  5 kobolds
  A quokka (D:2)
  4 bats
  3 frilled lizards (D:1)
  7 rats
44 creatures vanquished.

Notes
Turn   | Place    | Note
-------+----------+-------------------------------------------
     0 | D:1      | iamserjio the Octopode Chaos Knight began the quest for the
                  | Orb.
     0 | D:1      | Reached XP level 1. HP: 16/16 MP: 1/1
    15 | D:1      | XOM: potion effect (curing)
    28 | D:1      | Reached XP level 2. HP: 14/21 MP: 2/2
   122 | D:1      | XOM: harmless Conj miscast
   247 | D:1      | Reached XP level 3. HP: 17/26 MP: 3/3
   250 | D:1      | XOM: divination: detect items
  1015 | D:2      | XOM is BORED!
  1015 | D:2      | XOM: noise
  1243 | D:3      | Noticed Purgy
  1267 | D:3      | Noticed Sigmund
  1282 | D:3      | Found a runed translucent door.
  1283 | D:3      | Noticed Crazy Yiuf
  1290 | D:3      | Mangled by Crazy Yiuf

Levels and vault maps discovered:
D:1:      nzn_arrival_water_spiral, layout_rooms
D:2:      layout_loops_ring, minmay_box_of_dots
D:3:      layout_rooms, overflow_temple_1_default, xom_teletrap_fun,
          uniq_sigmund, uniq_purgy, uniq_grinder, uniq_crazy_yiuf_cottage

Skill      XL: |  1  2 |
---------------+-------+-----
Dodging        | 3 |  3.7
Fighting       | |  3.6
Short Blades   | |  3.0

Action                   || total
-------------------------++-------
Melee: Short sword       ||    92
       Constrict         ||    25
       Tentacles         ||     9
 Stab: Sleeping          ||     4
  Eat: Chunk             ||     1
Armor: Skin              ||     6
Dodge: Dodged            ||    44

Table legend:
 A = Non-vault XP
 B = Vault XP
 C = Vault XP percentage of total XP
 D = Non-vault monster count
 E = Vault monster count
 F = Vault count percentage of total count
                 A         B        C        D         E       F
            +---------+---------+-------+---------+---------+-------
      Total |      73 |       3 |   3.9 |      42 |       2 |   4.5
            +---------+---------+-------+---------+---------+-------
        D:1 |      56 |       0 |   0.0 |      31 |       0 |   0.0
        D:2 |      16 |       3 |  15.8 |      10 |       2 |  16.7
        D:3 |       1 |       0 |   0.0 |       1 |       0 |   0.0
            +---------+---------+-------+---------+---------+-------
